 Dungeon Crawl Stone Soup version 0.27.1-1-g398f81649c (webtiles) character file.

Game seed: 12629267363711749707

144 ZARRMARR the Sneak (level 5, -15/37 HPs)
             Began as an Octopode Monk on Sept 9, 2021.
             Demolished by an ogre (22 damage)
             ... on level 4 of the Dungeon.
             The game lasted 00:03:45 (2168 turns).

ZARRMARR the Sneak (Octopode Monk)                  Turns: 2168, Time: 00:03:46

Health: -15/37     AC:  1    Str: 11    XL:     5   Next: 27%
Magic:  5/5        EV: 14    Int: 13    God:
Gold:   170        SH:  0    Dex: 14    Spells: 4/4 levels left

rFire    . . .     SeeInvis .   a - +2 short sword
rCold    . . .     Faith    .   (no shield)
rNeg     . . .     Spirit   .   (helmet restricted)
rPois    .         Reflect  .   (no amulet)
rElec    .         Harm     .   (no ring)
rCorr    .         Rampage  .   (no ring)
Will     .....                  (no ring)
Stlth    ++++......             (no ring)
HPRegen  0.12/turn              (no ring)
MPRegen  0.09/turn              (no ring)
                                (no ring)
                                (no ring)

@: no status effects
A: almost no armour, amphibious, 8 rings, camouflage 1, gelatinous body 1,
(nimble swimmer 1), tentacles
a: no special abilities


You were on level 4 of the Dungeon.
You visited 1 branch of the dungeon, and saw 4 of its levels.

You collected 170 gold pieces.

Inventory:

Hand Weapons
 a - a +2 short sword (weapon)
Missiles
 i - 3 javelins (quivered)
Jewellery
 g - an amulet of faith
Scrolls
 f - 2 scrolls of identify {unknown}
Potions
 b - 2 potions of brilliance {unknown}
 c - a potion of haste {unknown}
 d - 2 potions of curing {unknown}
 j - a potion of flight {unknown}
 k - a potion of attraction {unknown}


   Skills:
 + Level 3.8 Fighting
 + Level 3.8 Short Blades
 + Level 3.9 Dodging
 + Level 4.3 Stealth


You had 4 spell levels left.
You didn't know any spells.
Your spell library was empty.

Dungeon Overview and Level Annotations

Branches:
Dungeon (4/15)
 Temple: D:4-7

Altars:
Elyvilon
Qazlal
Uskayaw


Innate Abilities, Weirdness & Mutations

You cannot wear most types of armour.
You are amphibious.
You can wear up to eight rings at the same time.
Your skin changes colour to match your surroundings (Stealth+).
Your rubbery body absorbs attacks. (AC +1, EV +1)
((You are camouflaged near water. (Stealth+)))
You have tentacles for arms and can constrict up to eight enemies at once.


Message History

You kill the orc!
The ogre hits you with a +0 giant club!
You hit the ogre.
The ogre is lightly wounded.
The orc closely misses you.
You hit the ogre. Your squeeze misses the ogre.
The ogre is moderately wounded.
The orc hits you with a +0 club. The ogre barely misses you.
The orc closely misses you.
You hit the ogre. You squeeze the ogre.
The ogre is heavily wounded.
The orc barely misses you. The ogre misses you.
You hit the ogre.
The ogre is severely wounded.
The orc hits you with a +0 hand axe! The orc hits you with a +0 club.
An endoplasm comes into view.
You are too injured to fight recklessly!
You are too injured to fight recklessly!
You are too injured to fight recklessly!
You are too injured to fight recklessly!
You are too injured to fight recklessly!
You are too injured to fight recklessly!
You are too injured to fight recklessly!
You are too injured to fight recklessly!
You are too injured to fight recklessly!
You are too injured to fight recklessly!
You are too injured to fight recklessly!
You are too injured to fight recklessly!
You are too injured to fight recklessly!
You are too injured to fight recklessly!
You are too injured to fight recklessly!
You are too injured to fight recklessly!
You are too injured to fight recklessly!
You are too injured to fight recklessly!
Unknown command.
The orc hits you with a +0 club.
* * * LOW HITPOINT WARNING * * *
The ogre hits you with a +0 giant club!!
Ouch! That really hurt!
You die...

..J.. .......)...... (....
. .............. .....>
.##. #............. ......
....###.........#.#
......##..........#.##..##
...#....##........#####.#
#....).##.............#
##.....o#..............#
#.....)O@.........#...##
###....o)....#....#...#
#..........#.####...#
#....#..)......###...#
#.........#......#####
#...#.#...####..##
#######.### #### ###


You could see an ogre and 2 orcs.

Vanquished Creatures
  A jelly (D:4)
  4 adders
  An ufetubus (D:4)
  2 worms (D:3)
  2 dart slugs
  3 orcs (D:4)
  5 endoplasms
  4 giant cockroaches
  3 goblins
  6 hobgoblins
  4 quokkas
  9 ball pythons
  6 bats
  A frilled lizard (D:1)
  6 kobolds
  3 rats
60 creatures vanquished.

Vanquished Creatures (others)
  3 plants (D:2)
3 creatures vanquished.

Grand Total: 63 creatures vanquished

Notes
Turn   | Place    | Note
-------+----------+-------------------------------------------
     0 | D:1      | ZARRMARR the Octopode Monk began the quest for the Orb.
     0 | D:1      | Reached XP level 1. HP: 16/16 MP: 1/1
    22 | D:1      | Reached skill level 3 in Stealth
    22 | D:1      | Reached XP level 2. HP: 17/21 MP: 2/2
   488 | D:1      | Reached XP level 3. HP: 26/26 MP: 3/3
  1049 | D:2      | Reached XP level 4. HP: 31/31 MP: 4/4
  1202 | D:2      | Found a faded altar of an unknown god.
  1681 | D:3      | Reached skill level 4 in Stealth
  1881 | D:3      | Found a white marble altar of Elyvilon.
  1975 | D:4      | Noticed a +0 dagger
  1975 | D:4      | Noticed a +0 dagger
  1975 | D:4      | Noticed a +0 spear
  1975 | D:4      | Noticed a +0 falchion
  1975 | D:4      | Found a stormy altar of Qazlal.
  1976 | D:4      | Noticed a +0 spear
  1976 | D:4      | Noticed a +0 short sword
  1977 | D:4      | Noticed a +0 falchion
  1978 | D:4      | Noticed a +0 short sword
  1985 | D:4      | Found a hide-covered altar of Uskayaw.
  2108 | D:4      | Reached XP level 5. HP: 37/37 MP: 5/5
  2157 | D:4      | Noticed an ogre
  2168 | D:4      | Demolished by an ogre

Illustrated notes

Levels and vault maps discovered:
D:1:      lightli_arrival_noodles, layout_loops_ring
D:2:      layout_rooms, shapermc_ecumenical_altar_acropolis,
          chequers_serial_rivers_micro_d
D:3:      layout_rooms, elyvilon_altar_1
D:4:      layout_cave_pools, nicolae_qazlal_scattered_showers,
          nicolae_uskayaw_en_pointe, st_stairs_13

Skill      XL: |  1  2  3  4 |
---------------+-------------+-----
Stealth        | 3 4 |  4.3
Fighting       | |  3.8
Short Blades   | |  3.8
Dodging        | |  3.9

Action                   |  1- 3 |  4- 6 || total
-------------------------+-------+-------++-------
Melee: Short sword       |    54 |    51 ||   105
       Constrict         |    12 |    11 ||    23
       Tentacles         |     9 |     7 ||    16
  Use: Scroll            |       |     6 ||     6
 Stab: Sleeping          |    10 |    10 ||    20
       Distracted        |       |     1 ||     1
Armor: Skin              |     5 |     3 ||     8
Dodge: Dodged            |    26 |    28 ||    54
